 Dungeon Crawl Stone Soup version 0.29.1-15-g9cfb28693d (webtiles) character file.

Game seed: 5559204591469688240

531402 leetdood the Invulnerable (level 24, -6/243 (249) HPs)
             Began as a Minotaur Fighter on Mar 13, 2023.
             Was a High Priest of Okawaru.
             Mangled by Ylegg the pandemonium lord (36 damage)
             ... on level 6 of a ziggurat on Mar 14, 2023.
             The game lasted 04:16:32 (66187 turns).

leetdood the Invulnerable (Minotaur Fighter)       Turns: 66187, Time: 04:16:32

HP:   -6/243 (249)  AC: 53    Str: 38    XL:     24   Next: 43%
MP:   17/20         EV:  9    Int: 12    God:    Okawaru [*****.]
Gold: 2487          SH: 22    Dex: 11    Spells: 23/23 levels left

rFire   + + +      SeeInvis .   Z - +9 broad axe (protect)
rCold   + . .      Faith    .   D - +0 kite shield of the Storm King {Rampage Will++ MP-9 Stlth+}
rNeg    . . .      Spirit   .   Y - +12 gold dragon scales
rPois   +          Reflect  +   K - +2 hat {Will+}
rElec   .          Harm     .   G - +2 cloak {Will+}
rCorr   +          Rampage  +   V - +1 pair of gloves "Adel" {+Blink rF++ Int+2}
Will    +++++                   L - +2 pair of boots
Stlth   ..........              i - amulet of reflection
HPRegen 0.50/turn               X - ring "Wiapijel" {rPois Str+6 Int+5}
MPRegen 0.17/turn               u - ring "Cuephie" {Fly rPois rCorr}

@: finesse-ful, under a protective aura, flying, glowing, studying
Translocations, lightly drained
A: horns 2, retaliatory headbutt, deformed body
}: 3/15 runes: decaying, serpentine, silver
a: Renounce Religion, Evoke Blink, Heroism, Finesse, Duel


You were on level 6 of a ziggurat.
You worshipped Okawaru.
Okawaru was extremely pleased with you.
You visited 9 branches of the dungeon, and saw 43 of its levels.
You visited 1 ziggurat, and saw 6 of its levels.
You also visited: Ice Cave.

You collected 7812 gold pieces.
You spent 5325 gold pieces at shops.

Inventory:

Hand Weapons
 m - a +1 war axe of flaming
 S - a +9 broad axe of venom
 Z - a +9 broad axe of protection (weapon)
Missiles
 c - 2 silver boomerangs
 h - 12 curare-tipped darts (quivered)
 O - 12 silver javelins
Armour
 k - the +0 tower shield of the Wheelwright {*Corrode rN++ Int+3 Stlth+}
   (You found it on level 5 of the Vaults)

   Int:       It affects your intelligence (+3).
   rN:        It greatly protects you from negative energy.
   *Corrode:  It may corrode you when you take damage.
   Stlth:     It makes you more stealthy.
 D - the +0 kite shield of the Storm King (worn) {Rampage Will++ MP-9 Stlth+}
   (You found it on level 1 of the Vaults)

   MP:        It affects your magic capacity (-9).
   Rampage:   It bestows one free step when moving towards enemies.
   Will:      It greatly increases your willpower.
   Stlth:     It makes you more stealthy.
 G - a +2 cloak of willpower (worn)
 J - a +2 tower shield of cold resistance
 K - a +2 hat of willpower (worn)
 L - a +2 pair of boots (worn)
 T - the +0 pair of gloves of Masochism {rN++}
   (Okawaru gifted it to you on level 10 of the Dungeon)

   rN:        It greatly protects you from negative energy.
 V - the +1 pair of gloves "Adel" (worn) {+Blink rF++ Int+2}
   (Okawaru gifted it to you on level 5 of the Lair of Beasts)

   Int:       It affects your intelligence (+2).
   rF:        It greatly protects you from fire.
   +Blink:    It lets you blink.
 Y - +12 gold dragon scales (worn)
Jewellery
 e - a ring of protection from fire
 g - a ring of ice
 i - an amulet of reflection (around neck)
 p - a ring of protection from cold
 q - a +6 ring of dexterity
 u - the ring "Cuephie" (right hand) {Fly rPois rCorr}
   (You found it on level 3 of the Elven Halls)

   [ring of flight]

   rPois:     It protects you from poison.
   Fly:       It grants you flight.
   rCorr:     It protects you from acid and corrosion.
 v - the ring "Maoxohop" {rElec rPois rN+ rCorr Int+2}
   (You found it on level 3 of the Elven Halls)

   [ring of resist corrosion]

   Int:       It affects your intelligence (+2).
   rElec:     It insulates you from electricity.
   rPois:     It protects you from poison.
   rN:        It protects you from negative energy.
   rCorr:     It protects you from acid and corrosion.
 x - a ring of see invisible
 M - a ring of protection from fire
 P - an amulet of regeneration
 Q - a ring of positive energy
 X - the ring "Wiapijel" (left hand) {rPois Str+6 Int+5}
   (You found it on level 2 of the Depths)

   [ring of strength]

   Str:       It affects your strength (+6).
   Int:       It affects your intelligence (+5).
   rPois:     It protects you from poison.
Wands
 a - a wand of polymorph (3)
 j - a wand of roots (56)
 C - a wand of flame (117)
 I - a wand of digging (36)
 N - a wand of mindburst (26)
 W - a wand of light (5)
Scrolls
 b - 2 scrolls of silence
 f - 4 scrolls of blinking
 n - 6 scrolls of amnesia
 o - 8 scrolls of fear
 r - 21 scrolls of teleportation
 s - a scroll of poison
 y - 12 scrolls of magic mapping
Potions
 d - 6 potions of berserk rage
 l - 8 potions of invisibility
 t - 19 potions of curing
 w - 8 potions of cancellation
 z - 9 potions of flight
 A - 7 potions of magic
 B - 6 potions of heal wounds
 E - 10 potions of might
 F - 13 potions of haste
 H - 5 potions of resistance
 R - 7 potions of brilliance
 U - 2 potions of ambrosia


   Skills:
 O Level 27 Fighting
 + Level 22.6 Axes
 - Level 10.0 Throwing
 O Level 27 Armour
 O Level 27 Shields
 - Level 10.0 Invocations


You had 23 spell levels left.
You didn't know any spells.
Your spell library contained the following spells:

 Spells                   Type           Power      Damage    Failure   Level
 Apportation              Tloc           0%         N/A       77%         1
 Freeze                   Ice            0%         1d3       77%         1
 Shock                    Conj/Air       0%         1d3       77%         1
 Slow                     Hex            0%         N/A       77%         1
 Sting                    Tmut/Pois      0%         1d3       77%         1
 Blink                    Tloc           0%         N/A       88%         2
 Ensorcelled Hibernation  Hex/Ice        0%         N/A       88%         2
 Passwall                 Tmut/Erth      0%         N/A       88%         2
 Poisonous Vapours        Pois/Air       0%         N/A       88%         2
 Scorch                   Fire           0%         2d5       88%         2
 Static Discharge         Conj/Air       0%         3-3/arc   88%         2
 Sublimation of Blood     Necr           0%         N/A       88%         2
 Wereblood                Tmut           0%         N/A       88%         2
 Confusing Touch          Hex            0%         N/A       98%         3
 Frozen Ramparts          Ice            0%         1d1       98%         3
 Gell's Gravitas          Tloc           0%         N/A       98%         3
 Ignite Poison            Fire/Tmut/Pois 0%         N/A       98%         3
 Lesser Beckoning         Tloc           0%         N/A       98%         3
 Portal Projectile        Hex/Tloc       0%         N/A       98%         3
 Spider Form              Tmut/Pois      0%         N/A       98%         3
 Stone Arrow              Conj/Erth      0%         3d7       98%         3
 Swiftness                Air            0%         N/A       98%         3
 Teleport Other           Tloc           0%         N/A       98%         3
 Airstrike                Air            0%         2d(0-16)  100%        4
 Anguish                  Hex/Necr       0%         N/A       100%        4
 Cause Fear               Hex            0%         N/A       100%        4
 Corpse Rot               Necr/Pois/Air  0%         N/A       100%        4
 Dispel Undead            Necr           0%         3d6       100%        4
 Flame Wave               Conj/Fire      0%         2d4       100%        4
 Fulminant Prism          Conj/Hex       0%         3d6       100%        4
 Hailstorm                Conj/Ice       0%         3d3       100%        4
 Ice Form                 Ice/Tmut       0%         N/A       100%        4
 Iskenderun's Mystic Bla  Conj/Tloc      0%         2d3       100%        4
 Leda's Liquefaction      Hex/Erth       0%         N/A       100%        4
 Olgreb's Toxic Radiance  Pois           0%         N/A       100%        4
 Passage of Golubria      Tloc           0%         N/A       100%        4
 Sticky Flame             Conj/Fire      0%         2d3       100%        4
 Alistair's Intoxication  Tmut/Pois      0%         N/A       100%        5
 Blade Hands              Tmut           0%         N/A       100%        5
 Borgnjor's Vile Clutch   Necr/Erth      0%         N/A       100%        5
 Lee's Rapid Deconstruct  Erth           0%         3d5*      100%        5
 Manifold Assault         Tloc           0%         N/A       100%        5
 Silence                  Hex/Air        0%         N/A       100%        5
 Yara's Violent Unravell  Hex/Tmut       0%         3d3       100%        5
 Dispersal                Tloc           0%         N/A       100%        6
 Eringya's Noxious Bog    Tmut/Pois      0%         N/A       100%        6
 Iron Shot                Conj/Erth      0%         9d1       100%        6
 Statue Form              Tmut/Erth      0%         N/A       100%        6
 Dragon Form              Tmut           0%         N/A       100%        7
 Enfeeble                 Hex            0%         N/A       100%        7
 Orb of Destruction       Conj           0%         9d5       100%        7
 Ozocubu's Refrigeration  Ice            0%         4d7       100%        7
 Storm Form               Tmut/Air       0%         N/A       100%        7
 Discord                  Hex            0%         N/A       100%        8
 Disjunction              Tloc           0%         N/A       100%        8
 Ignition                 Fire           0%         3d3       100%        8
 Lehudib's Crystal Spear  Conj/Erth      0%         10d2      100%        8
 Maxwell's Capacitive Co  Air            0%         ∞         100%        8
 Call Canine Familiar     Summ           Unusable   N/A       N/A         3
 Summon Guardian Golem    Hex/Summ       Unusable   N/A       N/A         3
 Animate Armour           Summ/Erth      Unusable   N/A       N/A         4
 Animate Dead             Necr           Unusable   N/A       N/A         4
 Summon Ice Beast         Ice/Summ       Unusable   N/A       N/A         4
 Summon Lightning Spire   Summ/Air       Unusable   N/A       N/A         4
 Summon Forest            Summ/Tloc      Unusable   N/A       N/A         5
 Death Channel            Necr           Unusable   N/A       N/A         6
 Simulacrum               Ice/Necr       Unusable   N/A       N/A         6
 Summon Cactus Giant      Summ           Unusable   N/A       N/A         6
 Spellforged Servitor     Conj/Summ      Unusable   N/A       N/A         7
 Summon Hydra             Summ           Unusable   N/A       N/A         7
 Dragon's Call            Summ           Unusable   N/A       N/A         9

Dungeon Overview and Level Annotations

Branches:
Dungeon (15/15)            Temple (1/1) D:7            Lair (5/5) D:8
  Swamp (4/4) Lair:2        Snake (4/4) Lair:2        Slime (0/5) Lair:4
    Orc (2/2) D:9             Elf (3/3) Orc:2        Vaults (5/5) D:14
  Crypt (0/3) Vaults:3     Depths (4/4) D:15            Zot (0/5) Depths:4
  IceCv (visited)

Altars:
Ashenzari
Cheibriados
Dithmenos
Elyvilon
Fedhas
Gozag
Hepliaklqana
Kikubaaqudgha
Makhleb
Nemelex Xobeh
Okawaru
Qazlal
Ru
Sif Muna
Trog
Uskayaw
Vehumet
Wu Jian
Xom
Yredelemnul
Zin
The Shining One
Jiyva

Shops:
D:7 ?   D:8 (*[   D:12 :=?   D:13 *   D:14 =   Orc:2 *!:!*   Elf:2 (??*
Snake:1 *   Snake:2 (*:   Snake:3 *   Depths:1 [

Portals:
Hell: Depths:1 Depths:2 Depths:3
Abyss: Depths:1 Depths:3
Pandemonium: Depths:2
Trove: D:14 (show slimy rune of Zot)

Annotations:
D:10 exclusion: statue
Temple 2 transporters
Elf:1 1 runed translucent door


Innate Abilities, Weirdness & Mutations

You have a pair of horns on your head.
You reflexively headbutt those who attack you in melee.
Armour fits poorly on your strangely shaped body.


Message History

The Tzitzimitl calls on the powers of darkness!
Your body is wracked with pain!
* * * LOW HITPOINT WARNING * * *
The cherub convulses!
You slice the Tzitzimitl!! Your headbutt misses the Tzitzimitl.
The Tzitzimitl is moderately wounded.
You closely miss Ylegg. You block Ylegg's attack.
You slice the Tzitzimitl!!
The Tzitzimitl is heavily wounded.
You hit Ylegg. The Tzitzimitl gestures at you.
The bolt of negative energy hits you!
You feel drained.
* * * LOW HITPOINT WARNING * * *
You closely miss the Tzitzimitl. You headbutt the Tzitzimitl!
The Tzitzimitl is severely wounded.
You barely miss Ylegg.
You completely miss the large abomination.
You block Ylegg's attack.
You slice the Tzitzimitl!! You headbutt the Tzitzimitl!
The Tzitzimitl is almost dead.
You slash the large abomination! You slice Ylegg!!
You closely miss the Tzitzimitl. Your headbutt misses the Tzitzimitl.
The Tzitzimitl is almost dead.
You cut the large abomination into ribbons!!!
You hit Ylegg but do no damage. Ylegg tramples you!!
* * * LOW HITPOINT WARNING * * *
You are shoved backwards!
You hit the Tzitzimitl.
The Tzitzimitl is almost dead.
You slice Ylegg!!
You hit the large abomination but do no damage.
You slash the Tzitzimitl!
You kill the Tzitzimitl!
Okawaru accepts your kill.
You slash Ylegg! You slash the large abomination!
You destroy the large abomination!
Okawaru accepts your kill.
Ylegg sneers, "Quit lest death find thee!"
Ylegg tramples you!!!
You die...

▓▓▓▓▓▓▓▓▓
▓.......▓
▓▓▓▓.......▓▓▓▓
▓.............▓
▓}=...........▓
▓∩)?..........▓
▓>[}.........∩▓
▓∩:A62&.......▓
▓......@......▓
▓.............▓
▓▓▓▓.......▓▓▓▓
▓.......▓
▓▓▓▓▓▓▓▓▓


You could see Ylegg, a cacodemon, a demonspawn black sun and a cherub.

Vanquished Creatures
  2 ancient liches (Vaults:5)
  A dread lich (Vaults:5)
  Mennas (Vaults:5)
  A juggernaut (Depths:2)
  Saint Roka (Snake:2)
  Bai Suzhen (Vaults:4)
  Xtahua (Vaults:3)
  4 Killer Klowns
  3 golden dragons
  Nikola (Snake:4)
  A bone dragon (Swamp:4)
  A Tzitzimitl (Zig:6)
  Jorgrun (D:14)
  5 tentacled monstrosities
  Zenata (Vaults:1)
  2 walking divine tomes (Depths:2)
  3 deep elf blademasters
  A walking frostbound tome (Depths:2)
  5 titans (Vaults:5)
  Asterion (Snake:4)
  2 deep elf master archers (Elf:3)
  3 quicksilver dragons
  Gastronok (D:9)
  The ghost of Zenkrye the Severer, an adept HOFi of Beogh (Swamp:3)
  10 sphinxes
  7 storm dragons
  7 tengu reavers
  Agnes (Elf:2)
  3 shadow dragons (Vaults:5)
  2 daevas (Zig:4)
  4 nagarajas (Snake:4)
  5 fire giants
  A draconian monk (Depths:4)
  8 frost giants
  Kirke (D:12)
  2 iron dragons
  Donald (Snake:3)
  Roxanne (Snake:4)
  18 vault wardens
  A fire giant (shapeshifter) (Zig:3)
  9 deep elf sorcerers
  6 deep elf elementalists
  2 spriggan defenders (Depths:2)
  Louise (Depths:1)
  2 orc warlords (Vaults:1)
  2 curse skulls (Zig:2)
  A stone giant (shapeshifter) (Depths:2)
  22 ironbound preservers
  17 stone giants
  4 war gargoyles
  9 ironbound thunderhulks
  4 deep elf demonologists (Elf:3)
  15 eleionomae
  A vampire knight (Vaults:3)
  11 very ugly things
  2 apis (Zig:4)
  5 dire elephants
  Azrael (Snake:1)
  4 purple draconians (Depths:4)
  7 deep elf annihilators
  4 bunyips
  3 white draconians (Depths:4)
  A yellow draconian (Depths:4)
  An entropy weaver (Vaults:1)
  4 spark wasps
  A red draconian (Depths:4)
  7 fire dragons
  13 ettins
  2 crystal guardians (Vaults:3)
  Josephine (D:10)
  12 deep elf death magi
  7 deep elf high priests
  A merfolk impaler (Depths:4)
  13 yaktaur captains
  A spectral fenstrider witch (Swamp:3)
  30 vault guards
  A shambling mangrove (Swamp:2)
  7 great orbs of eyes
  2 salamander tyrants
  3 boulder beetles
  19 hydras
  2 peacekeepers (Vaults:3)
  6 ice dragons
  14 centaur warriors
  4 rakshasas
  3 spriggan air magi (Depths:4)
  A hell beast (Depths:1)
  14 anacondas
  2 catoblepae
  5 ogre magi
  6 ironbound frosthearts
  An alligator snapping turtle (shapeshifter) (Zig:5)
  9 alligators
  A death knight (D:14)
  24 dancing weapons
  Erica (D:10)
  18 naga warriors
  7 deep troll earth magi
  11 deep troll shamans
  5 ghost crabs
  A hell hog (Depths:1)
  9 two-headed ogres
  The ghost of Hulkazoid the Cleaver, a novice MiGl (D:10)
  2 tengu warriors
  7 death yaks (IceCv)
  5 orc high priests
  3 spriggan berserkers
  Urug (D:11)
  9 shock serpents
  10 sun demons (Depths:1)
  14 hell knights
  20 deep elf knights
  14 naga sharpshooters
  9 iron trolls
  A shadow wraith (Vaults:3)
  4 salamander mystics
  A sixfirhy (Depths:2)
  6 skeletal warriors
  4 goliath frogs
  A deep troll (shapeshifter) (Vaults:5)
  A sea snake (Snake:1)
  A flayed ghost (Depths:1)
  3 glowing orange brains
  6 spriggan druids
  71 deep trolls
  6 swamp dragons
  9 bog bodies
  14 deep elf archers
  7 naga ritualists
  2 harpies (Elf:1)
  A spectral hydra (Swamp:4)
  Pikel (D:6)
  24 deep elf pyromancers
  10 wizards
  A harpy (shapeshifter) (Elf:3)
  7 phantasmal warriors
  2 fenstrider witch simulacra (Swamp:3)
  24 ironbound convokers
  15 orc knights
  8 mana vipers
  12 manticores
  35 deep elf zephyrmancers
  6 lindwurms
  9 necromancers
  A shadow dragon skeleton (Vaults:5)
  32 ugly things
  A fire giant zombie (Vaults:3)
  4 orc sorcerers
  A wolf spider (Vaults:5)
  A tengu skeleton (Vaults:5)
  4 spectral spriggans (Swamp:3)
  2 will-o-the-wisps (Swamp:3)
  3 cyclopes
  A moth of wrath (D:10)
  17 salamanders
  Maurice (D:8)
  A manticore (shapeshifter) (Zig:1)
  A centaur zombie (D:15)
  An ice statue (IceCv)
  19 elephants
  2 shining eyes (Depths:1)
  11 naga magi
  15 vault sentinels
  35 black mambas
  7 guardian serpents
  3 eyes of devastation (Depths:1)
  3 gargoyles
  A water nymph (shapeshifter) (Depths:2)
  6 centaur skeletons
  A torpor snail (Lair:5)
  16 cane toads
  6 rime drakes (IceCv)
  9 komodo dragons
  2 kobold demonologists
  An efreet (D:13)
  A freezing wraith (Vaults:5)
  2 ice devils (Depths:2)
  A tormentor (Depths:2)
  50 yaktaurs
  2 hellwings (Depths:2)
  2 swamp worm zombies (Swamp:4)
  3 tengu conjurers
  3 human skeletons (Vaults:3)
  2 hydra zombies (Swamp:4)
  The ghost of Sanktem7 the Chopper, an amateur MiFi (D:4)
  A red devil (Depths:2)
  5 trolls
  7 tyrant leeches
  9 polar bears
  3 bloated husks
  6 meliai (D:15)
  A dream sheep (shapeshifter) (Vaults:5)
  12 blink frogs
  5 alligator zombies (Swamp:4)
  20 hornets
  45 slime creatures
  3 spectral swamp dragons (Swamp:4)
  2 dream sheep (Lair:5)
  33 spriggans
  8 wraiths
  2 air elementals
  A large abomination (Zig:6)
  A shadow (D:9)
  47 yaks
  A ynoxinul (Depths:2)
  A fire elemental (Elf:3)
  6 basilisks
  6 water elementals
  5 wyverns
  2 humans (D:12)
  2 chaos spawn
  A golden eye (shapeshifter) (Elf:2)
  7 steam dragons
  A hog (D:12)
  3 fire bats (Depths:1)
  2 redbacks (Vaults:1)
  9 vampire mosquitoes
  2 spriggan simulacra (Swamp:3)
  Edmund (D:6)
  4 wargs
  An acid dragon (D:10)
  20 swamp worms
  29 nagas
  15 water moccasins
  A glowing shapeshifter zombie (Vaults:5)
  10 hell hounds
  An ice beast (D:6)
  3 swamp drakes (Swamp:3)
  5 black bears
  28 orc warriors
  5 swamp dragon zombies (Swamp:4)
  8 ogres
  32 wolves
  2 lemures (D:6)
  13 boggarts
  12 centaurs
  8 phantoms
  6 kobold brigands
  10 bullfrogs
  An earth elemental (Elf:1)
  A gnoll sergeant (D:8)
  12 wights
  16 killer bees
  3 electric eels
  3 crimson imps (D:15)
  27 orc priests
  7 jellies
  Ijyb (D:3)
  A hell rat (Elf:1)
  3 spectral swamp drakes (Swamp:4)
  4 iguanas
  28 orc wizards
  13 gnolls
  8 adders
  4 river rats (D:5)
  A swamp drake zombie (Swamp:4)
  A white imp (D:6)
  A worm (D:2)
  2 dart slugs
  65 orcs
  9 endoplasms
  3 giant cockroaches
  8 goblins
  6 hobgoblins
  4 jackals
  6 quokkas
  8 ball pythons
  4 bats
  4 frilled lizards
  13 kobolds
  6 rats
  A spectral orc (D:10)
1927 creatures vanquished.

Vanquished Creatures (others)
  A deep elf knight (Elf:3)
  A deep troll (Vaults:5)
  A deep elf zephyrmancer (Elf:2)
  A deep elf pyromancer (Elf:1)
  2 bloated husks
  A hornet (Swamp:1)
  A boggart (Vaults:1)
  A phantom (Swamp:4)
  A kobold (D:8)
  11 foxfires (Swamp:3)
  29 fungi
  47 plants
97 creatures vanquished.

Grand Total: 2024 creatures vanquished

Notes
Turn   | Place    | Note
-------+----------+-------------------------------------------
     0 | D:1      | leetdood the Minotaur Fighter began the quest for the Orb.
     0 | D:1      | Reached XP level 1. HP: 19/19 MP: 0/0
   106 | D:1      | Found a faded altar of an unknown god.
   276 | D:1      | Reached XP level 2. HP: 26/27 MP: 1/1
  1016 | D:2      | Reached XP level 3. HP: 24/33 MP: 2/2
  1036 | D:2      | Reached XP level 4. HP: 15/40 MP: 3/3
  1733 | D:2      | Found a white marble altar of Elyvilon.
  1961 | D:2      | Reached XP level 5. HP: 47/47 MP: 4/4
  2545 | D:3      | Noticed Ijyb
  2563 | D:3      | Killed Ijyb
  2693 | D:3      | Found a hide-covered altar of Uskayaw.
  3207 | D:4      | Found an ancient bone altar of Kikubaaqudgha.
  3242 | D:4      | Found an opulent altar of Gozag.
  3334 | D:4      | Reached skill level 5 in Axes
  3359 | D:4      | Found a large runed translucent door.
  3360 | D:4      | Found a large runed translucent door.
  3362 | D:4      | Noticed Sanktem7's ghost (amateur MiFi)
  3377 | D:4      | Noticed a phantom
  3384 | D:5      | Entered Level 5 of the Dungeon
  3580 | D:5      | Found a snail-covered altar of Cheibriados.
  3822 | D:5      | Reached skill level 5 in Fighting
  3822 | D:5      | Reached XP level 6. HP: 52/56 MP: 5/5
  3932 | D:5      | Reached skill level 5 in Armour
  4155 | D:5      | Found a shimmering blue altar of Sif Muna.
  4344 | D:4      | Reached skill level 5 in Shields
  4644 | D:4      | Found a sparkling altar of Nemelex Xobeh.
  4794 | D:6      | Noticed Pikel
  4819 | D:6      | Killed Pikel
  4820 | D:6      | Reached XP level 7. HP: 22/63 MP: 6/6
  5029 | D:6      | Noticed Edmund
  5054 | D:6      | Killed Edmund
  5055 | D:6      | Reached XP level 8. HP: 45/70 MP: 7/7
  6328 | D:7      | Found a staircase to the Ecumenical Temple.
  6337 | Temple   | Entered the Ecumenical Temple
  6337 | Temple   | Found a transporter.
  6337 | Temple   | Found a transporter.
  6339 | Temple   | Found a transporter.
  6339 | Temple   | Found a transporter.
  6350 | Temple   | Became a worshipper of Warmaster Okawaru
  6449 | D:7      | Reached XP level 9. HP: 45/79 MP: 8/8
  6981 | D:7      | Reached * piety under Okawaru
  7001 | D:7      | Found Tizogoast's Magic Scroll Shoppe.
  7009 | D:7      | Bought a scroll of poison for 44 gold pieces
  7009 | D:7      | Bought a scroll of teleportation for 33 gold pieces
  7009 | D:7      | Bought a scroll of identify for 22 gold pieces
  7009 | D:7      | Bought a scroll of teleportation for 33 gold pieces
  7009 | D:7      | Bought a scroll of magic mapping for 82 gold pieces
  7048 | D:7      | Reached skill level 10 in Axes
  7542 | D:8      | Found Xuyzoema's Assorted Antiques.
  7557 | D:8      | Reached skill level 1 in Invocations
  7737 | D:8      | Reached ** piety under Okawaru
  8076 | D:8      | Noticed a komodo dragon
  8082 | D:8      | Noticed Maurice
  8309 | D:9      | Reached XP level 10. HP: 90/90 MP: 10/10
  8548 | D:9      | Found a staircase to the Orcish Mines.
  8966 | D:9      | Noticed Gastronok
  8977 | D:9      | Killed Gastronok
  8977 | D:9      | Reached *** piety under Okawaru
  9295 | D:8      | Found Amanweuw's Antique Armour Emporium.
  9381 | D:8      | Found a glowing golden altar of the Shining One.
  9430 | D:8      | Found a stormy altar of Qazlal.
  9500 | D:8      | Killed Maurice
  9627 | D:8      | Found a staircase to the Lair.
  9656 | D:8      | Found Zeaclan's Antique Weapon Boutique.
  9923 | D:10     | Entered Level 10 of the Dungeon
  9989 | Lair:1   | Entered Level 1 of the Lair of Beasts
 10000 | Lair:1   | Noticed a cane toad
 10013 | Lair:1   | Killed a cane toad
 10210 | Lair:1   | Noticed a black mamba
 10215 | Lair:1   | Killed a black mamba
 10940 | Lair:2   | Noticed an elephant
 10940 | Lair:2   | Noticed an elephant
 10940 | Lair:2   | Noticed an elephant
 10940 | Lair:2   | Noticed an elephant
 10940 | Lair:2   | Noticed an elephant
 10940 | Lair:2   | Noticed an elephant
 10950 | Lair:1   | Killed an elephant
 10953 | Lair:1   | Killed an elephant
 10954 | Lair:1   | Reached XP level 11. HP: 69/97 MP: 11/13
 11079 | Lair:2   | Reached **** piety under Okawaru
 11399 | Lair:2   | Noticed a catoblepas
 11413 | Lair:2   | Killed a catoblepas
 11414 | Lair:2   | Reached skill level 10 in Fighting
 11414 | Lair:2   | Reached skill level 10 in Armour
 11414 | Lair:2   | Reached skill level 10 in Shields
 11567 | Lair:2   | Reached skill level 5 in Invocations
 11688 | Lair:2   | Reached ***** piety under Okawaru
 11838 | Lair:2   | Noticed a seven-headed hydra
 12122 | D:4      | Killed Sanktem7's ghost
 12289 | D:10     | Found a glowing silver altar of Zin.
 12650 | D:10     | Found a basalt altar of Yredelemnul.
 12747 | D:10     | Noticed Josephine
 12759 | D:10     | Killed Josephine
 13114 | D:10     | Found a transporter.
 13123 | D:10     | Noticed a six-headed hydra
 13226 | D:10     | Noticed Hulkazoid's ghost (novice MiGl)
 13227 | D:10     | Found a transporter.
 13269 | D:10     | Noticed Erica
 13280 | D:10     | Killed Erica
 13405 | D:10     | Noticed a centaur warrior
 13411 | D:10     | Killed a centaur warrior
 13412 | D:10     | Reached XP level 12. HP: 106/108 MP: 6/14
 13468 | D:10     | Found a radiant altar of Vehumet.
 14174 | D:11     | Noticed Urug
 14201 | D:11     | Killed Urug
 14201 | D:11     | Received a gift from Okawaru
 14544 | D:11     | Reached skill level 15 in Axes
 15285 | D:12     | Identified the +6 dagger of the Teaching Gods {speed, rPois
                  | SInv}
 15463 | D:12     | Found Peevouf's Magic Scroll Emporium.
 15463 | D:12     | Found Zuskorch's Jewellery Shoppe.
 15468 | D:12     | Found Ynleatt's Book Emporium.
 15531 | D:12     | Noticed a boulder beetle
 15554 | D:12     | Killed a boulder beetle
 15714 | D:12     | Noticed a centaur warrior
 15722 | D:12     | Killed a centaur warrior
 15938 | D:12     | Noticed Kirke
 15982 | D:12     | Killed Kirke
 16447 | D:13     | Noticed an eight-headed hydra
 16587 | Orc:1    | Entered Level 1 of the Orcish Mines
 16781 | Orc:1    | Noticed an orc high priest
 16796 | Orc:1    | Killed an orc high priest
 16811 | Orc:1    | Reached XP level 13. HP: 75/118 MP: 9/15
 17164 | Orc:2    | Entered Level 2 of the Orcish Mines
 17164 | Orc:2    | Found Fablick's Assorted Antiques.
 18226 | Orc:2    | Found a staircase to the Elven Halls.
 18371 | Orc:2    | Found Birigaru's Distillery.
 18371 | Orc:2    | Found Waid's Assorted Antiques.
 18395 | Orc:2    | Found Denowam's Book Boutique.
 18399 | Orc:2    | Found Aqa Oplu's Distillery.
 19047 | Lair:2   | Received a gift from Okawaru
 19203 | Lair:2   | Found a staircase to the Swamp.
 19420 | Lair:2   | Found a staircase to the Snake Pit.
 19637 | Lair:3   | Reached skill level 15 in Armour
 20696 | Lair:4   | Found a frozen archway.
 20717 | Lair:4   | Identified the +1 ring mail of Cuanol {Stlth+} (Okawaru
                  | gifted it to you on level 4 of the Lair of Beasts)
 20717 | Lair:4   | Received a gift from Okawaru
 20729 | IceCv    | Entered an ice cave
 21497 | IceCv    | Reached XP level 14. HP: 126/129 MP: 15/17
 21764 | IceCv    | Noticed a frost giant
 21782 | IceCv    | Killed a frost giant
 21861 | IceCv    | Got the Handbook of Proximity
 22598 | Lair:4   | Found a viscous altar of Jiyva.
 22598 | Lair:4   | Found a staircase to the Slime Pits.
 23301 | Lair:5   | Entered Level 5 of the Lair of Beasts
 23328 | Lair:5   | Identified the +1 hat of Guoten {rC- Int+4 Dex+4 SInv}
                  | (Okawaru gifted it to you on level 5 of the Lair of Beasts)
 23328 | Lair:5   | Received a gift from Okawaru
 24706 | Lair:5   | Identified the +1 pair of gloves "Adel" {+Blink rF++ Int+2}
                  | (Okawaru gifted it to you on level 5 of the Lair of Beasts)
 24706 | Lair:5   | Received a gift from Okawaru
 24759 | Lair:5   | Reached XP level 15. HP: 139/139 MP: 20/20
 25900 | D:13     | Reached skill level 15 in Fighting
 26000 | D:13     | Found Pihatzag's Pet Rocks.
 26050 | D:14     | Reached skill level 15 in Shields
 26539 | D:14     | Noticed Jorgrun
 26557 | D:14     | Killed Jorgrun
 26833 | D:14     | Found Xauree Riroth's Jewellery Boutique.
 26985 | D:8      | Bought glowing gold dragon scales for 2158 gold pieces
 27422 | D:14     | Found a gate to the Vaults.
 27881 | D:14     | Found a portal to a secret trove of treasure.
 28390 | D:15     | Entered Level 15 of the Dungeon
 29123 | D:15     | Found a shimmering altar of Xom.
 29386 | D:15     | Reached skill level 10 in Invocations
 29779 | D:15     | Found a staircase to the Depths.
 29944 | D:15     | Reached XP level 16. HP: 140/151 MP: 22/22
 30293 | Snake:1  | Entered Level 1 of the Snake Pit
 30804 | Snake:1  | Identified the +1 leather armour of Fedhas, Teaching {Fly
                  | Int+4}
 30900 | Snake:1  | Found Ufamied's Assorted Antiques.
 31498 | Snake:1  | Noticed Azrael
 31512 | Snake:1  | Killed Azrael
 32259 | Snake:2  | Found Etyleraf's Book Boutique.
 32647 | Snake:2  | Received a gift from Okawaru
 32892 | Snake:2  | Found Zughan's General Store.
 32954 | Snake:2  | Found Faocat's Antique Weapon Boutique.
 33010 | Snake:2  | Noticed Saint Roka
 33029 | Snake:2  | Killed Saint Roka
 33900 | Snake:3  | Found Qairyok's Assorted Antiques.
 33903 | Snake:3  | Bought a glowing broad axe for 224 gold pieces
 33909 | Snake:3  | Received a gift from Okawaru
 34173 | Snake:3  | Found a stormy altar of Qazlal.
 34350 | Snake:3  | Identified a scroll of acquirement
 34351 | Snake:3  | Acquired 923 gold pieces
 34366 | Snake:3  | Noticed Donald
 34383 | Snake:3  | Killed Donald
 34833 | Snake:3  | Reached XP level 17. HP: 51/163 MP: 16/23
 35385 | Snake:3  | Bought a scroll of enchant weapon for 240 gold pieces
 35636 | D:12     | Bought a scroll of enchant weapon for 112 gold pieces
 35636 | D:12     | Bought a scroll of enchant weapon for 112 gold pieces
 35636 | D:12     | Bought a scroll of enchant armour for 112 gold pieces
 35738 | D:10     | Killed Hulkazoid's ghost
 35743 | D:10     | Identified the +0 pair of gloves of Masochism {rN++}
                  | (Okawaru gifted it to you on level 10 of the Dungeon)
 35743 | D:10     | Received a gift from Okawaru
 35750 | D:10     | Identified the ring of Hesejosu {rPois rN+ MP+9}
 36041 | Snake:4  | Entered Level 4 of the Snake Pit
 36607 | Snake:4  | Noticed Asterion
 36621 | Snake:4  | Killed Asterion
 37089 | Snake:4  | Noticed a quicksilver dragon
 37089 | Snake:4  | Noticed a quicksilver dragon
 37099 | Snake:4  | Killed a quicksilver dragon
 37103 | Snake:4  | Killed a quicksilver dragon
 37190 | Snake:4  | Got a serpentine rune of Zot
 37289 | Snake:4  | Reached skill level 1 in Throwing
 37383 | Snake:4  | Noticed Nikola
 37392 | Snake:4  | Received a gift from Okawaru
 37397 | Snake:4  | Killed Nikola
 37402 | Snake:4  | Received a gift from Okawaru
 37491 | Snake:4  | Identified Roxanne's Monograph on Shapeshifting
 37491 | Snake:4  | Noticed Roxanne
 37504 | Snake:4  | Killed Roxanne
 38486 | Swamp:1  | Entered Level 1 of the Swamp
 38793 | Swamp:1  | Identified the +7 hand crossbow of Luedwu {venom, rN+ rCorr
                  | Str+2} (Okawaru gifted it to you on level 1 of the Swamp)
 38793 | Swamp:1  | Received a gift from Okawaru
 38910 | Swamp:1  | Identified the +10 plate armour of Wenu {Str+4}
 39368 | Swamp:1  | Reached XP level 18. HP: 162/176 MP: 24/24
 40025 | Swamp:2  | Identified the +0 plate armour "Noqytuck" {rF+} (Okawaru
                  | gifted it to you on level 2 of the Swamp)
 40025 | Swamp:2  | Received a gift from Okawaru
 40074 | Swamp:2  | Reached skill level 5 in Throwing
 41327 | Swamp:3  | Found a runed translucent gate.
 41327 | Swamp:3  | Found a runed translucent gate.
 41327 | Swamp:3  | Found a runed translucent gate.
 41327 | Swamp:3  | Noticed Zenkrye's ghost (adept HOFi)
 41347 | Swamp:3  | Killed Zenkrye's ghost
 41770 | Swamp:4  | Entered Level 4 of the Swamp
 42373 | Swamp:4  | Received a gift from Okawaru
 43279 | Swamp:4  | Noticed a bone dragon
 43302 | Swamp:4  | Killed a bone dragon
 43323 | Swamp:4  | Got a decaying rune of Zot
 43797 | Vaults:1 | Entered Level 1 of the Vaults
 43866 | Vaults:1 | Identified the +5 war axe of the Maze {antimagic, Fly Will+
                  | Dex-3} (Okawaru gifted it to you on level 1 of the Vaults)
 43866 | Vaults:1 | Received a gift from Okawaru
 43922 | Vaults:1 | Identified the +0 kite shield of the Storm King {Rampage
                  | Will++ MP-9 Stlth+}
 44231 | Vaults:1 | Reached XP level 19. HP: 53/188 MP: 20/25
 44595 | Vaults:1 | Noticed Zenata
 44618 | Vaults:1 | Killed Zenata
 44799 | Vaults:1 | Received a gift from Okawaru
 45391 | Vaults:1 | You fall into a shaft and drop 1 floor!
 45614 | Vaults:2 | Received a gift from Okawaru
 45700 | Vaults:2 | Received a gift from Okawaru
 46949 | Vaults:2 | Received a gift from Okawaru
 47833 | Vaults:3 | Reached XP level 20. HP: 200/200 MP: 26/26
 48091 | Vaults:3 | Noticed Xtahua
 48105 | Vaults:3 | Killed Xtahua
 48183 | Vaults:3 | Found a staircase to the Crypt.
 48353 | Vaults:3 | Reached ****** piety under Okawaru
 48450 | Vaults:3 | Received a gift from Okawaru
 49042 | Vaults:3 | Received a gift from Okawaru
 49986 | Vaults:4 | Received a gift from Okawaru
 50632 | Vaults:5 | Entered Level 5 of the Vaults
 50632 | Vaults:5 | Noticed Bai Suzhen
 50662 | Vaults:4 | Identified the +5 kite shield of Avant Garde Birdsong
                  | {*Corrode rN+ Str+9 Dex+3} (Okawaru gifted it to you on
                  | level 4 of the Vaults)
 50662 | Vaults:4 | Received a gift from Okawaru
 50667 | Vaults:4 | Reached XP level 21. HP: 200/211 MP: 22/27
 50672 | Vaults:4 | Killed Bai Suzhen
 51469 | Vaults:5 | Noticed an ancient lich
 51480 | Vaults:5 | Killed an ancient lich
 51611 | Vaults:5 | Identified the ring of Creativity {AC+4 Str+4 Dex+2}
 51856 | Vaults:5 | Got a silver rune of Zot
 51996 | Vaults:5 | Received a gift from Okawaru
 52009 | Vaults:5 | Reached skill level 10 in Throwing
 52040 | Vaults:5 | Noticed Mennas
 52049 | Vaults:5 | Noticed an ancient lich
 52077 | Vaults:5 | Received a gift from Okawaru
 52083 | Vaults:5 | Identified the +9 rapier of the Dark Horse {distort, Str+6}
 52104 | Vaults:5 | Killed an ancient lich
 52104 | Vaults:5 | Received a gift from Okawaru
 52497 | Vaults:5 | Acquired 506 gold pieces
 52524 | Vaults:5 | Identified the +0 tower shield of the Wheelwright {*Corrode
                  | rN++ Int+3 Stlth+}
 52705 | Vaults:5 | Noticed a golden dragon
 52717 | Vaults:5 | Killed a golden dragon
 52812 | Vaults:5 | Killed Mennas
 53052 | Vaults:5 | Received a gift from Okawaru
 53218 | Vaults:5 | Got the Vellum of the Jaunt
 53353 | Vaults:5 | Noticed a dread lich
 53360 | Vaults:5 | Received a gift from Okawaru
 53361 | Vaults:5 | Reached XP level 22. HP: 224/224 MP: 21/28
 53365 | Vaults:5 | Killed a dread lich
 53431 | Vaults:5 | Identified the +7 halberd "Wushuom" {pain, rPois Int+5}
 53550 | Vaults:5 | Identified the +4 ring mail of Valiance {rCorr}
 54130 | Elf:1    | Entered Level 1 of the Elven Halls
 54130 | Elf:1    | Found a runed translucent gate.
 54130 | Elf:1    | Found a runed translucent gate.
 54130 | Elf:1    | Found a runed translucent gate.
 54130 | Elf:1    | Found a runed translucent gate.
 54130 | Elf:1    | Found a runed translucent gate.
 54130 | Elf:1    | Found a runed translucent gate.
 54135 | Elf:1    | Found a runed translucent door.
 54149 | Elf:1    | Found a runed translucent door.
 54407 | Elf:1    | Received a gift from Okawaru
 55499 | Elf:2    | Found Duomudem's Weapon Shop.
 55542 | Orc:2    | Bought a potion of might for 60 gold pieces
 55542 | Orc:2    | Bought a potion of flight for 45 gold pieces
 55542 | Orc:2    | Bought a potion of brilliance for 60 gold pieces
 55542 | Orc:2    | Bought a potion of curing for 45 gold pieces
 55542 | Orc:2    | Bought a potion of heal wounds for 75 gold pieces
 55542 | Orc:2    | Bought a potion of flight for 45 gold pieces
 55544 | Orc:2    | Bought 3 potions of haste for 510 gold pieces
 55544 | Orc:2    | Bought a potion of flight for 51 gold pieces
 55544 | Orc:2    | Bought a potion of might for 68 gold pieces
 55544 | Orc:2    | Bought a potion of flight for 51 gold pieces
 55544 | Orc:2    | Bought a potion of haste for 170 gold pieces
 55544 | Orc:2    | Bought 2 potions of curing for 102 gold pieces
 55544 | Orc:2    | Bought a potion of flight for 51 gold pieces
 55545 | Orc:2    | Bought a potion of curing for 90 gold pieces
 55545 | Orc:2    | Bought a scroll of teleportation for 90 gold pieces
 55739 | D:12     | Bought a scroll of teleportation for 45 gold pieces
 55739 | D:12     | Bought a scroll of teleportation for 45 gold pieces
 55954 | Elf:2    | Paralysed by an air elemental for 1 turns
 56191 | Elf:2    | Noticed Agnes
 56203 | Elf:2    | Killed Agnes
 56422 | Elf:2    | Found Ixkepep's Magic Scroll Shop.
 56433 | Elf:2    | Bought a scroll of teleportation for 45 gold pieces
 56433 | Elf:2    | Bought a scroll of blinking for 112 gold pieces
 56541 | Elf:2    | Found a runed translucent gate.
 56543 | Elf:2    | Found a runed translucent gate.
 56544 | Elf:2    | Found a runed translucent gate.
 56601 | Elf:2    | Found Setoma's Magic Scroll Shoppe.
 56616 | Elf:2    | Bought a scroll of teleportation for 48 gold pieces
 56702 | Elf:2    | Found Woonau's Assorted Antiques.
 56707 | Elf:2    | Bought a potion of might for 120 gold pieces
 56707 | Elf:2    | Bought a scroll of enchant weapon for 225 gold pieces
 56925 | Elf:2    | Received a gift from Okawaru
 57400 | Elf:3    | Entered Level 3 of the Elven Halls
 57437 | Elf:3    | Received a gift from Okawaru
 57514 | Elf:3    | Received a gift from Okawaru
 57771 | Elf:3    | Identified the +8 falchion "Peneis" {freeze, rF- Dex+6}
 57781 | Elf:3    | Identified the amulet "Kesat" {Spirit +Blink rPois MP-9
                  | Str+5}
 57787 | Elf:3    | Identified the ring "Cuephie" {Fly rPois rCorr}
 57823 | Elf:3    | Identified the +7 quarterstaff of Entrepreneurial Spirit
                  | {vamp, rElec Str+3}
 58179 | Elf:3    | Reached XP level 23. HP: 234/234 MP: 20/29
 58408 | Elf:3    | Paralysed by an air elemental for 1 turns
 58806 | Elf:3    | Identified the ring "Maoxohop" {rElec rPois rN+ rCorr
                  | Int+2}
 58847 | Elf:3    | Identified the +6 hand axe "Kaipnit" {elec, Dex+3}
 58848 | Elf:3    | Identified the +1 pair of boots of the Devil {rF+ Int+4
                  | SInv} (Okawaru gifted it to you on level 3 of the Elven
                  | Halls)
 58848 | Elf:3    | Received a gift from Okawaru
 58853 | Elf:3    | Identified the +6 whip of Demand {drain, rF- Will+++ Int-2
                  | Dex+7}
 58856 | Elf:3    | Identified the +8 demon whip "Leviticus" {flame, +Blink
                  | rPois Str+3}
 58896 | Elf:3    | Found the +9 scales of the Dragon King {rPois rF+ rC+
                  | Will+}
 58908 | Elf:3    | Reached skill level 27 in Armour
 58912 | Elf:3    | Identified the +3 mace "Vyireg" {holy, rF+ Dex+7}
 58914 | Elf:3    | Got the Reference Book on Interference
 59308 | Depths:1 | Entered Level 1 of the Depths
 59322 | Depths:1 | Found Xudal's Antique Armour Emporium.
 59414 | Depths:1 | Found a one-way gate to the infinite horrors of the Abyss.
 59418 | Depths:1 | Noticed Louise
 59429 | Depths:1 | Killed Louise
 59711 | Depths:1 | Found a gateway to Hell.
 60343 | Depths:1 | Found a broken altar of Ashenzari.
 60458 | Depths:1 | You fall into a shaft and drop 1 floor!
 60722 | Depths:2 | Found a shimmering blue altar of Sif Muna.
 61550 | Depths:2 | Received a gift from Okawaru
 61617 | Depths:2 | Found a one-way gate leading to the halls of Pandemonium.
 62048 | Depths:2 | Identified the +3 scale mail of Egalitarianism {+Inv Dex+2
                  | Stlth+} (Okawaru gifted it to you on level 2 of the Depths)
 62048 | Depths:2 | Received a gift from Okawaru
 62148 | Depths:2 | Found a runed translucent door.
 62164 | Depths:2 | Found a runed translucent door.
 62164 | Depths:2 | Found a runed translucent door.
 62463 | Depths:2 | Noticed a juggernaut
 62472 | Depths:2 | Killed a juggernaut
 62514 | Depths:2 | Identified the +5 scale mail of the Turtledove {Str+2}
 62515 | Depths:2 | Identified the ring "Wiapijel" {rPois Str+6 Int+5}
 63588 | Depths:3 | Received a gift from Okawaru
 64061 | Depths:3 | Received a gift from Okawaru
 64070 | Depths:3 | Reached XP level 24. HP: 247/247 MP: 20/29
 64332 | Depths:4 | Entered Level 4 of the Depths
 64668 | Depths:4 | Found a gate to the Realm of Zot.
 64773 | Depths:4 | Reached skill level 27 in Fighting
 64991 | Depths:4 | Reached skill level 27 in Shields
 65161 | Depths:4 | Received a gift from Okawaru
 65395 | Depths:4 | Found a one-way gateway to a ziggurat.
 65414 | Zig:1    | Entered Level 1 of a ziggurat
 65426 | Zig:2    | Entered Level 2 of a ziggurat
 65831 | Zig:2    | Identified the +2 spear of Spite {vamp, *Rage Str+8 Int-2
                  | Dex+4}
 65838 | Zig:3    | Entered Level 3 of a ziggurat
 65839 | Zig:3    | Noticed a Killer Klown
 65855 | Zig:3    | Killed a Killer Klown
 65901 | Zig:4    | Entered Level 4 of a ziggurat
 65905 | Zig:4    | Found the +8 trident of the Octopus King {venom, rElec
                  | rPois}
 65955 | Zig:5    | Entered Level 5 of a ziggurat
 65959 | Zig:5    | Noticed a Killer Klown
 65959 | Zig:5    | Noticed a Killer Klown
 65959 | Zig:5    | Noticed a Killer Klown
 65971 | Zig:5    | Killed a Killer Klown
 65974 | Zig:5    | Killed a Killer Klown
 65979 | Zig:5    | Killed a Killer Klown
 66171 | Zig:6    | Entered Level 6 of a ziggurat
 66175 | Zig:6    | Gained mutation: Armour fits poorly on your strangely
                  | shaped body. [a cacodemon]
 66176 | Zig:6    | Noticed Ylegg the pandemonium lord
 66187 | Zig:6    | Mangled by Ylegg the pandemonium lord

Illustrated notes

Levels and vault maps discovered:
D:1:      roderic_chinese_lattice_arrival, layout_basic,
          nicolae_ecumenical_snake_handling
D:2:      layout_basic, basic_altar, minmay_pentomino_u2
D:3:      layout_basic, mainiacjoe_overflow_24_doors, uniq_ijyb
D:4:      layout_loops_ring, overflow_temple_1_default,
          nicolae_gozag_seed_capital, nemelex_spade_bored_becter,
          ebering_ghost_disaster_area
D:5:      wad_woods_tower, layout_basic, mainiacjoe_overflow_brackets,
          kennysheep_slug_shrine
D:6:      layout_loops_ring, chequers_mini_garden, minmay_misc_feat_encased,
          minmay_between, uniq_edmund, uniq_pikel
D:7:      layout_loops_cross, minmay_temple_entry_antechambers, serial_shops,
          shop
D:8:      layout_rooms, mainiacjoe_overflow_catwalk, amcnicky_altar_gilded,
          grunt_lair_entry_orc_guard_hut, serial_shops,
          nicolae_shop_hallway_plus, nicolae_shop_advertising_works
          [nicolae_subvault_shop_adworks], shop_fountains, uniq_maurice
D:9:      layout_stronghold, orc_0_dummy, uniq_gastronok
D:10:     layout_small_grid, vehumet_statue,
          yredelemnul_forgotten_temple_becter, lemuel_tele_altar,
          gammafunk_ghost_berserking_beasts, uniq_josephine, uniq_erica
D:11:     layout_basic, uniq_urug
D:12:     layout_basic, nicolae_wooded_promenade, uniq_kirke
D:13:     layout_basic, grunt_ministairs_12, serial_park_tiny_2,
          guppyfry_shop_earth
D:14:     layout_stronghold, hangedman_vaults_entry_quadrant_bands,
          nicolae_trove_entry_crystal, serial_shops, shop_statue,
          chequers_serial_rivers_micro_b, uniq_jorgrun
D:15:     grunt_enter_depths_magical_seal, layout_irregular_city,
          minmay_misc_feat_chi, led_xom_imps
Temple:   hellmonk_temple_divided_pantheon
Lair:1:   layout_misc_corridors, grunt_megastairs_1, serial_bayou_shore_b
Lair:2:   layout_hall_layers, palyth_hydra_swamp_entry,
          guppyfry_snake_entry_island
Lair:3:   layout_cave_pods
Lair:4:   layout_gridlike, nicolae_slime_entry_slimehenge,
          portal_ice_cave_entry_pillars_1, nicolae_quartered_pool_impasse,
          worms_lemuel, serial_bayou_shore_a, infiniplex_staircase_pool_2,
          lemuel_fruit_tree
Lair:5:   minmay_lair_end_enchanted_forest, layout_layer_cave
Swamp:1:  layout_basic_swamp, serial_swamp_ruin, hangedman_swamp_ruin_wall,
          evilmike_swamp_ruin_house_1, swamp_pool3, hangedman_swamp_grove,
          infiniplex_staircase_pool
Swamp:2:  nicolae_swamp_wrong_neighborhood, layout_falls_marsh,
          evilmike_swamp_ruin_house_2
Swamp:3:  layout_basic_swamp, gammafunk_ghost_necromancy,
          nicolae_swamp_small_spring, swamp_pool5, nicolae_swamp_spriggan_camp
Swamp:4:  swamp_pestilence, layout_basic_swamp
Snake:1:  nicolae_snake_unarmed_stairs_patrol, layout_grid_maze, serial_shops,
          nicolae_shop_hallway_plus, uniq_azrael
Snake:2:  layout_gridlike, serial_shops, nicolae_lakefront_shop,
          nicolae_take_the_stairs, shop, uniq_saint_roka
Snake:3:  layout_cave_town, basic_altar, minmay_shop_star, uniq_donald
Snake:4:  hellmonk_snake_rune_quicksilver_temple, layout_cave_town, st_stairs_4,
          nicolae_fountain_basement, uniq_asterion, uniq_nikola, uniq_roxanne
Orc:1:    layout_caves, basic_altar
Orc:2:    st_orc_mages, layout_diamond_mine, serial_shops, nicolae_shop_crystal
Elf:1:    nicolae_elf_arrival_dilemma, layout_loops_cross, special_room
          [special_room_mythical_zoo], minivault_28, nrook_mini_backslash,
          uniq_louise
Elf:2:    elven_hall_of_blades_hangedman_original
          [nicolae_blade_entry_antechamber], layout_loops_corners, serial_shops,
          nicolae_square_shop, nicolae_diamond_shop, nicolae_shop_hallway_plus,
          nicolae_shop_behind_doors, st_stairs_6, uniq_agnes
Elf:3:    grunt_elf_hall_branching, layout_gridlike, grunt_megastairs_5
Vaults:1: dpeg_vaults_monster_row, ontoclasm_vaults_bender,
          ontoclasm_vaults_claustrophobia, v_rooms_1,
          nicolae_vaults_big_angled_halls, nicolae_vaults_little_squares_1,
          special_room_vaults [special_room_orc], grunt_vaults_funnel,
          vaults_standard_mumra_enter_the_diamond, v_pattern_3,
          nicolae_vaults_stairing_the_circle, ontoclasm_vaults_decontamination,
          vaults_room_fancy_cross, vaults_mumra_lcd, layout_vaults_omnibox,
          uniq_zenata
Vaults:2: v_misc_33, nicolae_vaults_network_s,
          vaults_standard_mumra_enter_the_diamond, v_alt_pattern_4,
          grunt_vaults_diagonal, layout_vaults_omnigrid
Vaults:3: lightli_enter_wizlab_magi_temple, grunt_vaults_swirl,
          minmay_crypt_entry_simple_corners, v_misc_30, st_diamondy,
          hangedman_vaults_slice, dpeg_vaults_monster_box,
          layout_vaults_big_room, uniq_xtahua
Vaults:4: v_misc_30, v_misc_2, vaults_room_corners, nicolae_vaults_theta,
          hangedman_vaults_trim, v_misc_18, vaults_mumra_chevron,
          nicolae_vaults_angled_halls, nicolae_vaults_specimen_jars, v_misc_9,
          layout_vaults_omnicross
Vaults:5: uniq_mennas, uniq_bai_suzhen
Depths:1: layout_basic, nicolae_hell_entry_hellmouth_sunbeams, serial_shops,
          kennysheep_mini, dreamdust_wishing_well,
          nicolae_abyss_entry_one_way_or_another, ashenzari_conservatory_becter
Depths:2: minmay_the_grid_triangle_9x9_line_8_mashed
          [minmay_the_grid_triangle_9x9_pentomino_pain,
          minmay_the_grid_triangle_9x9_odd_lines,
          minmay_the_grid_triangle_9x9_semitri,
          minmay_the_grid_triangle_9x9_fully_insulated_deathbox,
          minmay_the_grid_triangle_9x9_corrupted_corridor,
          minmay_the_grid_triangle_9x9_skeleton,
          minmay_the_grid_triangle_9x9_minimal,
          minmay_the_grid_triangle_9x9_prize_center], layout_basic,
          pf_hell_entry_tar_spiral, grunt_pan_entry_sceptre,
          nicolae_sif_muna_condensation, grunt_ministairs_9, uniq_josephina
Depths:3: lemuel_troll_bridge, layout_gridlike, abyss_entry,
          grunt_hell_entry_dis_grunt, grunt_decor_fettered
Depths:4: grunt_twist_and_shout, layout_gridlike, enter_ziggurat_b,
          grunt_decor_clamped, pf_coc_iceberg, serial_bayou_shore_b
Zig:6

Skill      XL: |  1  2  3  4  5  6  7  8  9 10 11 12 13 14 15 16 17 18 19 20 21 22 23 24 |
---------------+-------------------------------------------------------------------------+-----
Axes           | 3 4 5 7 9 11 12 14 16 17 18 19 20 22 | 22.6
Fighting       | 4 5 6 7 8 9 10 12 13 14 16 18 19 20 22 23 24 25 26 27 | 27.0
Armour         | 4 6 7 8 9 11 13 15 17 18 20 21 22 24 25 26 27 | 27.0
Shields        | 4 5 6 7 8 9 10 12 13 14 16 18 19 20 22 23 24 25 26 27 | 27.0
Invocations    | 2 4 5 6 8 10 | 10.0
Throwing       | 4 5 8 10 | 10.0

Action                   |  1- 3 |  4- 6 |  7- 9 | 10-12 | 13-15 | 16-18 | 19-21 | 22-24 || total
-------------------------+-------+-------+-------+-------+-------+-------+-------+-------++-------
Melee: War axe           |    89 |   192 |   188 |   486 |   978 |       |       |       ||  1933
       Headbutt          |    13 |    36 |    37 |   135 |   317 |   381 |   416 |   424 ||  1759
       Hand axe          |       |       |       |       |    47 |   179 |       |    81 ||   307
       Broad axe         |       |       |       |       |   201 |  1104 |  1214 |  1278 ||  3797
Throw: Dart              |       |       |       |       |       |    15 |     3 |     1 ||    19
       Javelin           |       |       |       |       |       |     4 |       |       ||     4
       Boomerang         |       |       |       |       |       |     1 |       |       ||     1
Invok: Heroism           |       |       |     1 |    25 |    32 |    24 |    21 |     6 ||   109
       Finesse           |       |       |       |     7 |    15 |    20 |    18 |    12 ||    72
  Use: Scroll            |       |    10 |     3 |     9 |     8 |    13 |    16 |    11 ||    70
       Potion            |       |     2 |       |       |       |     8 |     1 |     4 ||    15
 Stab: Distracted        |       |       |       |       |       |       |     1 |     1 ||     2
Armor: Scale mail        |    35 |    67 |    41 |       |       |       |       |       ||   143
       Chain mail        |       |       |    17 |       |       |       |       |       ||    17
       Plate armour      |       |       |    13 |   166 |   388 |   247 |   399 |     6 ||  1219
       Gold dragon scale |       |       |       |       |    83 |   201 |       |   509 ||   793
Dodge: Dodged            |    34 |    45 |    52 |    86 |   232 |   158 |   172 |   162 ||   941
Block: Buckler           |    39 |    79 |    90 |   203 |   649 |   123 |       |       ||  1183
       Reflection        |     1 |     1 |     1 |    17 |    37 |   111 |    91 |    62 ||   321
       Tower shield      |       |       |       |       |       |  1088 |  1183 |     5 ||  2276
       Kite shield       |       |       |       |       |       |       |       |   867 ||   867
